 Crawl Stoat Soup version 0.23-ish-327-104-g30f0781d17 (console) character file.

3788493 damerell the Conqueror (level 27, 323/323 HPs)
             Began as an Ogre Gladiator on Apr 14, 2024.
             Was the Champion of Okawaru.
             Escaped with the Orb
             ... and 6 runes on Apr 20, 2024!
             The game lasted 09:54:53 (85619 turns).

damerell the Conqueror (Ogre Gladiator)            Turns: 85619, Time: 09:54:53

Health: 323/323    AC: 38    Str: 42    XL:     27
Magic:  39/39 (45) EV: 15    Int: 20    God:    Okawaru [******]
Gold:   2427       SH: 35    Dex: 15    Spells: 15/62 levels left

rFire    + . .     SeeInvis .   a - +7 sacred scourge (holy) {blink}
rCold    + . .     Gourm    .   y - +8 tower shield {AC+3}
rNeg     + + .     Faith    .   t - +7 gold dragon scales
rPois    +         Spirit   .   c - +2 hat {Int+3}
rElec    +         Warding  +   v - scarf {Ward rN+ MR+}
rCorr    .         Reflect  .   (gloves unavailable)
MR       +++..     Harm     .   (boots unavailable)
Stlth    ..........             T - amulet "Viykk" {RegenMP rN+ Str+3 Int+8}
HPRegen  1.63/turn              X - +5 ring of dexterity
MPRegen  0.54/turn              U - ring "Xanugrog" {rElec AC+4 Str+4}

@: regenerating, shrouded, 6 MP reserved for charms
A: large, unfitting armour, short teleport 1, tough skin 1
0: Orb of Zot
}: 6/15 runes: serpentine, barnacled, slimy, silver, iron, icy
a: Heroism, Finesse, Renounce Religion, End Permanent Enchantments


You escaped.
You worshipped Okawaru.
Okawaru was exalted by your worship.
You were not hungry.

You visited 15 branches of the dungeon, and saw 71 of its levels.
You visited the Abyss 1 time.
You also visited: Sewer and Ice Cave.

You collected 10095 gold pieces.
You spent 7668 gold pieces at shops.

Inventory:

Hand Weapons
 a - a +7 sacred scourge of holy wrath (weapon) {blink}
   (You took it off Mennas on level 4 of the Depths)
 b - a +8 eveningstar of freezing
   (You found it on level 11 of the Dungeon)
Missiles
 q - 81 large rocks (quivered) {@Q3}
 O - 11 throwing nets
 Q - 40 javelins of penetration
 W - 25 curare-tipped darts {!t}
Armour
 c - a +2 hat of intelligence (worn)
   (Okawaru gifted it to you on level 13 of the Dungeon)
 t - +7 gold dragon scales (worn)
   (You took it off an orc on level 5 of the Vaults)
 v - a scarf of warding (worn)
   (Okawaru gifted it to you on level 6 of the Lair of Beasts)
 y - a +8 tower shield of protection (worn)
   (You bought it in a shop on level 13 of the Dungeon)
Jewellery
 C - the ring of Qozeci {rCorr rF+}
   (You found it on level 4 of the Shoals)

   [ring of resist corrosion]

   It protects you from fire.
 D - a +4 amulet of reflection
   (You took it off Antaeus on level 7 of Cocytus)
 F - an uncursed ring of flight
   (You found it on level 3 of the Realm of Zot)
 I - an uncursed ring of see invisible
   (You found it on level 1 of the Shoals)
 T - the amulet "Viykk" (around neck) {RegenMP rN+ Str+3 Int+8}
   (You found it on level 3 of the Elven Halls)

   [amulet of magic regeneration]

   It increases your magic regeneration.
   It affects your strength (+3).
   It affects your intelligence (+8).
   It protects you from negative energy.
 U - the ring "Xanugrog" (right hand) {rElec AC+4 Str+4}
   (You found it on level 2 of the Depths)

   [ring of protection]

   It affects your AC (+4).
   It affects your strength (+4).
   It insulates you from electricity.
 X - a +5 ring of dexterity (left hand)
   (You took it off a human on level 13 of the Dungeon)
 Z - the ring of Eraideicky {Wiz rN+ Str+3}
   (You found it on level 7 of the Iron City of Dis)

   [ring of wizardry]

   It improves your spell success rate.
   It affects your strength (+3).
   It protects you from negative energy.
Wands
 n - 5 wands of acid (32 charges)
 G - 8 wands of iceblast (49 charges)
 K - 2 wands of scattershot (19 charges)
 R - 2 wands of digging (13 charges)
 V - 5 wands of flame (100 charges)
Scrolls
 d - 2 scrolls of summoning {!r}
 f - 3 scrolls of identify
 i - a scroll of noise
 j - 13 scrolls of remove curse
 k - 3 scrolls of fog
 p - 5 scrolls of fear
 s - 24 scrolls of teleportation
 z - 5 scrolls of silence {!r}
 B - 2 scrolls of blinking
 M - 4 scrolls of magic mapping
Potions
 g - 7 potions of lignification
 h - 4 potions of might
 o - 2 potions of resistance
 r - 7 potions of heal wounds
 u - 4 potions of flight
 w - 2 potions of ambrosia
 x - 4 potions of cancellation
 A - a potion of invisibility
 E - 18 potions of curing
 J - 5 potions of haste
 L - 4 potions of brilliance
 N - 3 potions of agility
 S - 2 potions of berserk rage
Miscellaneous
 l - a lightning rod (4/4)
   (You found it on level 11 of the Dungeon)
 m - a lamp of fire
   (You found it on level 9 of the Dungeon)
 H - 5 phantom mirrors
Comestibles
 e - 34 bread rations


   Skills:
 O Level 27 Fighting
 - Level 21.3 Maces & Flails
 - Level 23.2 Throwing
 - Level 18.0 Armour
 + Level 20.7 Dodging
 + Level 20.5 Shields
 - Level 18.0 Spellcasting
 - Level 11.0 Hexes
 - Level 9.0 Charms
 * Level 12.8 Necromancy
 - Level 6.0 Translocations
 - Level 12.0 Transmutations
 - Level 6.6 Air Magic
 - Level 13.0 Earth Magic
 - Level 16.0 Invocations
 - Level 4.0 Evocations


You had 15 spell levels left.
You knew the following spells:

 Your Spells              Type           Power        Failure   Level  Hunger
a - Vampiric Draining     Necr           62/200       1%          3    None
b - Regeneration          Chrm/Necr      57/200       1%          4    None
c - Apportation           Tloc           42/50        1%          1    None
d - Insulation            Chrm/Air       49/200       8%          4    None
e - Deflect Missiles      Chrm/Air       49/200       75%         6    ####...
f - Velakast's Disruptio  Necr           62/100       2%          5    ##.....
g - Yara's Violent Unrav  Hex/Tmut       59/200       4%          5    ##.....
h - Borgnjor's Vile Clut  Necr/Erth      62/200       2%          5    ##.....
i - See Invisible         Chrm           52/200       4%          4    None
j - Death Channel         Necr           62/200       16%         6    ####...
k - Shroud of Golubria    Chrm/Tloc      48/50        1%          2    None
z - Blink                 Tloc           42/50        2%          2    None

Your spell library contained the following spells:

 Spells                   Type           Power        Failure   Level  Hunger
 Confusing Touch          Hex            50/50        1%          1    None
 Necrotise                Necr           25/25        1%          1    None
 Corpse Rot               Necr           N/A          1%          2    None
 Slow                     Hex            58/100       1%          2    None
 Sublimation of Blood     Necr           62/200       1%          2    None
 Swiftness                Chrm/Air       49/100       1%          2    None
 Confuse                  Hex            58/100       1%          3    None
 Portal Projectile        Hex/Tloc       50/50        1%          3    None
 Tukima's Dance           Hex            58/100       1%          3    None
 Animate Dead             Necr           N/A          1%          4    None
 Cause Fear               Hex            58/200       1%          4    None
 Leda's Liquefaction      Hex/Erth       60/200       1%          4    None
 Petrify                  Tmut/Erth      61/100       1%          4    None
 Agony                    Necr           62/100       2%          5    ##.....
 Ensorcelled Hibernation  Hex/Ice        40/50        3%          2    None
 Stone Arrow              Conj/Erth      44/50        3%          3    None
 Gell's Gravitas          Tloc           42/200       4%          3    None
 Lesser Beckoning         Tloc           42/200       4%          3    None
 Teleport Other           Tloc           42/100       4%          3    None
 Dazzling Spray           Conj/Hex       40/50        6%          3    None
 Inner Flame              Hex/Fire       40/100       6%          3    None
 Excruciating Wounds      Chrm/Necr      57/200       6%          5    ##.....
 Poisonous Vapours        Pois/Air       31/50        8%          2    None
 Ozocubu's Armour         Chrm/Ice       36/100       9%          3    None
 Ignite Poison            Fire/Tmut/Pois 34/100       11%         3    None
 Airstrike                Air            44/200       12%         4    None
 Silence                  Hex/Air        52/200       14%         5    ##.....
 Recall                   Summ/Tloc      N/A          16%         3    None
 Statue Form              Tmut/Erth      61/150       17%         6    ####...
 Flame Tongue             Conj/Fire      18/40        19%         1    None
 Magic Dart               Conj           18/25        19%         1    None
 Sting                    Conj/Pois      18/25        19%         1    None
 Summon Small Mammal      Summ           18/25        19%         1    None
 Hydra Form               Tmut           60/200       21%         6    ####...
 Mephitic Cloud           Conj/Pois/Air  26/100       22%         3    None
 Call Imp                 Summ           18/100       28%         2    None
 Throw Flame              Conj/Fire      18/50        28%         2    None
 Throw Frost              Conj/Ice       18/50        28%         2    None
 Bolt of Draining         Conj/Necr      43/200       36%         5    ##.....
 Alistair's Intoxication  Tmut/Pois      42/100       41%         5    ##.....
 Summon Lightning Spire   Summ/Air       31/100       43%         4    None
 Metabolic Englaciation   Hex/Ice        40/200       47%         5    ##.....
 Conjure Flame            Conj/Fire      18/100       50%         3    None
 Iskenderun's Battlesphe  Conj/Chrm      36/100       63%         5    ##.....
 Bolt of Magma            Conj/Fire/Erth 35/200       65%         5    ##.....
 Summon Forest            Summ/Tloc      30/200       83%         5    ##.....
 Olgreb's Toxic Radiance  Pois           18/100       88%         4    None
 Sticky Flame             Conj/Fire      18/100       88%         4    None
 Iron Shot                Conj/Erth      44/200       89%         6    ####...
 Simulacrum               Ice/Necr       43/200       91%         6    ####...
 Eringya's Noxious Bog    Tmut/Pois      42/200       94%         6    ####...
 Velakast's Superior Rad  Hex/Pois       40/200       96%         6    ####...
 Fireball                 Conj/Fire      18/200       99%         5    ##.....
 Venom Bolt               Conj/Pois      18/200       99%         5    ##.....
 Bolt of Cold             Conj/Ice       18/200       100%        6    ####...
 Bolt of Fire             Conj/Fire      18/200       100%        6    ####...
 Conjure Ball Lightning   Conj/Air       31/200       100%        6    ####...
 Poison Arrow             Conj/Pois      18/200       100%        6    ####...
 Orb of Destruction       Conj           18/200       100%        7    ######.
 Ring of Flames           Chrm/Fire      36/200       100%        7    ######.
 Spellforged Servitor     Conj/Summ      18/200       100%        7    ######.
 Summon Hydra             Summ           18/200       100%        7    ######.
 Chain Lightning          Conj/Air       31/200       100%        8    #######
 Discord                  Hex            58/200       100%        8    #######
 Ignition                 Fire           18/200       100%        8    #######
 Lehudib's Crystal Spear  Conj/Erth      44/200       100%        8    #######
 Fire Storm               Conj/Fire      18/200       100%        9    #######
 Glaciate                 Conj/Ice       18/200       100%        9    #######
 Haste                    Chrm           52/100       100%        9    #######
 Iskenderun's Undoing     Conj           18/200       100%        9    #######
 Shatter                  Erth           63/200       100%        9    #######
 Tornado                  Air            44/200       100%        9    #######
 Passage of Golubria      Tloc           Unusable     N/A         4    N/A

Dungeon Overview and Level Annotations

Branches:
Dungeon (15/15)            Temple (1/1) D:4            Lair (6/6) D:11
 Shoals (4/4) Lair:3        Snake (4/4) Lair:3        Slime (5/5) Lair:6
    Orc (2/2) D:9             Elf (3/3) Orc:2        Vaults (5/5) D:13
  Crypt (0/3) Vaults:3     Depths (5/5) D:15           Hell (1/1)
    Dis (7/7) Hell            Geh (1/7) Hell            Coc (7/7) Hell
    Tar (0/7) Hell            Zot (5/5) Depths:5

Altars:
Ashenzari
Cheibriados
Dithmenos
Elyvilon
Fedhas
Gozag
Hepliaklqana Ihp'ix
Kikubaaqudgha
Makhleb
Nemelex Xobeh
Okawaru
Qazlal
Ru
Sif Muna
Trog
Uskayaw
Vehumet
Wu Jian
Xom
Yredelemnul
Zin
The Shining One
Beogh
Jiyva

Shops:
D:10 [   D:13 [   Orc:2 [:[([   Elf:2 :   Snake:4 =}=   Vaults:2 [
Vaults:4 **?})   Vaults:5 *   Depths:2 :   Depths:3 :   Depths:4 *
Depths:5 [[(}

Portals:
Hell: Depths:1 Depths:2 Depths:3 Depths:4 Depths:5
Abyss: Depths:3 Depths:4
Pandemonium: Depths:3
Ziggurat: Depths:3

Annotations:
D:8 digout dancing weapons
Elf:3 tower of resistance
Depths:2 GDS etc here for when have more MR
Depths:4 scourge here
Zot:4 2 transporters, exclusion: orange crystal statue


Innate Abilities, Weirdness & Mutations

You are too large for most types of armour.
You have tough skin. (AC +1)
The distance you can be teleported is somewhat limited.


Message History

The cacodemon is severely wounded.
The cacodemon gestures at you.
You feel stupid.
You feel corrupt for a moment.
You hit the cacodemon.
The cacodemon convulses.
The cacodemon is severely wounded.
You punish the cacodemon, causing immense pain!!!
You kill the cacodemon!
Okawaru accepts your kill.
You feel the corruption within you wane completely.
You feel clever.
Throwing (i - inventory) (/) - cycle)
q - 83 large rocks (quivered)
{@Q3}
Press: ? - help, Shift-Dir - straight line, f - cacodemon
Aim: a cacodemon You throw a large rock {@Q3}.
The large rock {@Q3} hits the cacodemon!!!
The cacodemon is moderately wounded.
Throwing (i - inventory) (/) - cycle)
q - 82 large rocks (quivered)
{@Q3}
Press: ? - help, Shift-Dir - straight line, f/p - cacodemon
Aim: a cacodemon (moderately wounded)
You throw a large rock {@Q3}.
The large rock {@Q3} hits the cacodemon!!!
The cacodemon is almost dead.
You block the sixfirhy's attack. x2
You barely miss the sixfirhy. You block the sixfirhy's attack.
You thrash the sixfirhy!!
The sixfirhy convulses.
The sixfirhy is heavily wounded.
You hit the cacodemon.
The cacodemon convulses.
The cacodemon is almost dead.
You hit the cacodemon.
The cacodemon convulses.
The cacodemon is almost dead.
You closely miss the cacodemon.
The cacodemon is almost dead.
You punish the cacodemon, causing immense pain!!!
You kill the cacodemon!
Okawaru accepts your kill. You block the sixfirhy's attack.
You punish the sixfirhy, causing immense pain!!!
You kill the sixfirhy!
Okawaru accepts your kill.
(D) Dungeon (T) Temple (L) Lair (A) Shoals (P) Snake Pit (M) Slime Pits (O) Orcish Mines (E) Elven Halls (V) Vaults (C) Crypt (U) Depths (H) Hell (I) Dis (G) Gehenna (X) Cocytus (Y) Tartarus (Z) Zot
Where to? (Enter - D:1 @ (x,y), ? - help)
A rat comes into view.
Quiver which item? (- for none, * to show all) (? for menu, Esc to quit)
Quivering
P - 2 steel javelins {@Q1 @Q2} for throwing.
Throwing (i - inventory) (/) - cycle)
P - 2 steel javelins (quivered)
{@Q1 @Q2}
Press: ? - help, Shift-Dir - straight line, f - rat
Aim: a rat (hasn't noticed you)
You throw a steel javelin {@Q1 @Q2}.
The steel javelin {@Q1 @Q2} hits the rat.
You kill the rat!
Quiver which item? (- for none, * to show all) (? for menu, Esc to quit)
Quivering
q - 81 large rocks {@Q3} for throwing.
(D) Dungeon (T) Temple (L) Lair (A) Shoals (P) Snake Pit (M) Slime Pits (O) Orcish Mines (E) Elven Halls (V) Vaults (C) Crypt (U) Depths (H) Hell (I) Dis (G) Gehenna (X) Cocytus (Y) Tartarus (Z) Zot
Where to? (Enter - D:1 @ (x,y), ? - help)
Items here: )))) a club x2; a short sword of draining; a club
There is a stone staircase leading up here.
You climb upwards.
There is a stone staircase leading down here.
You see here a whip.
You see here a club.
A rat comes into view.
Quiver which item? (- for none, * to show all) (? for menu, Esc to quit)
Quivering
P - a steel javelin {@Q1 @Q2} for throwing.
Throwing (i - inventory) (/) - cycle)
P - a steel javelin (quivered)
{@Q1 @Q2}
Press: ? - help, Shift-Dir - straight line, f - rat
Aim: a rat (hasn't noticed you)
You throw a steel javelin {@Q1 @Q2}.
The steel javelin {@Q1 @Q2} hits the rat!!
You kill the rat!
Quiver which item? (- for none, * to show all) (? for menu, Esc to quit)
Quivering
q - 81 large rocks {@Q3} for throwing.
(D) Dungeon (T) Temple (L) Lair (A) Shoals (P) Snake Pit (M) Slime Pits (O) Orcish Mines (E) Elven Halls (V) Vaults (C) Crypt (U) Depths (H) Hell (I) Dis (G) Gehenna (X) Cocytus (Y) Tartarus (Z) Zot
Where to? (Enter - D:1 @ (x,y), ? - help)
You open the door.
(D) Dungeon (T) Temple (L) Lair (A) Shoals (P) Snake Pit (M) Slime Pits (O) Orcish Mines (E) Elven Halls (V) Vaults (C) Crypt (U) Depths (H) Hell (I) Dis (G) Gehenna (X) Cocytus (Y) Tartarus (Z) Zot
Where to? (Enter - D:1 @ (x,y), ? - help)
There is an open door here.
There is an open door here.
There is an open door here.
There is a staircase leading out of the dungeon here.
Enter note: victory dance You have escaped!

#.##.#..#.#
#.##.'@.+.#
#.##.#..#.#
#.##.####.#
#.##......#
###########.#########
............#
#############


There were no monsters in sight!

Vanquished Creatures
  Antaeus (Coc:7)
  the Royal Jelly (Slime:5)
  Dispater (Dis:7)
  5 orbs of fire
  5 ancient liches (Zot:5)
  Mennas (Depths:4)
  2 juggernauts (Depths:4)
  11 shard shrikes
  Saint Roka (Orc:2)
  A pandemonium lord (Depths:2)
  Vashnia (Snake:2)
  A caustic shrike (Depths:4)
  2 curse toes
  Xtahua (Depths:4)
  3 Killer Klowns (Zot:5)
  Geryon (Hell)
  10 golden dragons
  Nikola (Depths:2)
  7 bone dragons
  2 Tzitzimimeh
  8 iron giants
  3 electric golems
  7 liches
  A Brimstone Fiend (Dis:7)
  6 tentacled monstrosities
  Rupert (Lair:4)
  19 Ice Fiends
  22 Orb Guardians (Zot:5)
  16 Hell Sentinels
  A hellephant (Hell)
  4 deep elf blademasters
  Asterion (Snake:1)
  8 quicksilver dragons
  Murray (Hell)
  2 deep elf master archers (Elf:3)
  16 acid blobs
  Frances (D:12)
  An Executioner (Dis:3)
  A sphinx (Vaults:5)
  10 ancient champions
  A tentacled starspawn (Abyss:2)
  Kirke (Elf:1)
  7 tengu reavers
  5 death cobs
  13 draconian monks
  11 shadow dragons
  Roxanne (Shoals:1)
  13 storm dragons
  9 azure jellies
  14 nagarajas
  Maud (D:10)
  13 draconian knights
  21 fire giants
  3 ghost moths
  10 iron dragons
  20 frost giants
  An orc warlord (Vaults:4)
  8 draconian scorchers
  9 deep elf sorcerers
  10 vault wardens
  9 draconian shifters
  A curse skull (Vaults:3)
  5 cacodemons
  13 draconian annihilators
  An elemental wellspring (Coc:7)
  8 ironheart preservers
  5 draconian stormcallers
  25 reapers
  6 deep elf elementalists
  4 spriggan defenders (Depths:4)
  An entropy weaver (Vaults:4)
  17 very ugly things
  21 war gargoyles
  25 stone giants
  5 vampire knights
  13 black draconians
  15 purple draconians
  9 deep elf annihilators
  4 salamander firebrands
  20 green draconians
  Azrael (D:12)
  6 deep elf demonologists (Elf:3)
  A lorocyproca (Dis:7)
  A dire elephant (shapeshifter) (Depths:3)
  22 red draconians
  14 yellow draconians
  13 white draconians
  4 deep elf death magi
  5 quicksilver dragon zombies
  7 merfolk javelineers
  A crystal guardian (Vaults:4)
  8 death oozes
  7 blizzard demons
  16 fire dragons
  Josephine (Lair:4)
  17 ettins
  4 green deaths
  9 merfolk impalers
  19 yaktaur captains
  4 deep elf high priests
  34 ice dragons
  3 kraken zombies
  28 vault guards
  7 rakshasas
  13 great orbs of eyes
  Fannar (D:12)
  Erolcha (Orc:2)
  Harold (D:7)
  2 cavaliers
  5 hydras
  15 naga warriors
  2 death knights
  A catoblepas (D:13)
  Erica (D:11)
  2 alligator snapping turtles
  3 spriggan air magi
  A quicksilver dragon skeleton (Coc:6)
  23 anacondas
  A two-headed ogre (shapeshifter) (Vaults:5)
  16 ogre magi
  2 merfolk aquamancers (Shoals:4)
  19 deep troll earth magi
  3 satyrs (Shoals:4)
  9 centaur warriors
  47 two-headed ogres
  6 orc high priests
  19 death yaks (Lair:6)
  16 deep troll shamans
  3 vampire magi
  13 tengu warriors
  15 naga sharpshooters
  30 dancing weapons
  4 hell hogs (Hell)
  2 titan zombies
  12 shock serpents
  6 storm dragon zombies
  A wretched star (Abyss:2)
  A spriggan (Depths:5)
  2 sun demons (Hell)
  25 deep elf knights
  6 spriggan berserkers
  Urug (D:11)
  21 hell knights
  5 soul eaters (Hell)
  Nergalle (D:11)
  3 shadow wraiths
  71 skeletal warriors
  A fire crab (shapeshifter) (Vaults:3)
  6 iron golems (Dis:7)
  15 iron trolls
  3 sixfirhies
  10 salamander mystics
  3 spatial maelstroms (Abyss:2)
  3 golden dragon zombies
  2 death drakes (Depths:5)
  16 sea snakes
  A flaming corpse (Dis:7)
  3 flayed ghosts
  6 starcursed masses (Abyss:2)
  An unseen horror (shapeshifter) (Depths:1)
  39 deep trolls
  2 wizards
  2 kraken simulacra
  6 anaconda zombies
  An orange crystal statue (Vaults:3)
  3 storm dragon skeletons
  23 deep elf archers
  13 lindwurms
  A shadow demon (Dis:7)
  2 unseen horrors
  2 glowing orange brains
  11 naga ritualists
  4 phantasmal warriors
  4 wolf spiders
  Pikel (D:8)
  A shadow dragon zombie (Coc:2)
  34 harpies
  17 orc knights
  17 ironbrand convokers
  13 mana vipers
  3 golden dragon skeletons
  An orb spider (shapeshifter) (Vaults:5)
  An anaconda skeleton (Hell)
  3 iron dragon zombies
  12 necromancers
  2 wolf spider zombies
  14 griffons
  A shadow dragon skeleton (Coc:4)
  43 ugly things
  2 fire giant zombies
  A wolf spider (shapeshifter) (Vaults:5)
  6 stone giant zombies
  14 fauns
  77 deep elf magi
  2 frost giant zombies
  5 orc sorcerers
  A worldbinder (Abyss:2)
  8 cyclopes
  A mana viper (shapeshifter) (Vaults:5)
  10 manticores
  22 moths of wrath
  17 salamanders
  3 shining eyes
  A cyclops (shapeshifter) (D:15)
  11 vault sentinels
  2 iron dragon skeletons
  5 merfolk sirens
  2 fire giant skeletons
  32 rust devils
  A shock serpent zombie (Dis:7)
  Maurice (Orc:1)
  4 elephants (Lair:6)
  A black mamba (shapeshifter) (Depths:1)
  A rotting hulk (Vaults:3)
  37 black mambas
  5 water nymphs
  3 frost giant skeletons
  3 ice statues
  A stone giant skeleton (Dis:1)
  19 naga magi
  5 smoke demons (Hell)
  6 centaur skeletons
  4 dire elephant zombies
  A red draconian zombie (Dis:7)
  5 centaur zombies
  An apocalypse crab (Abyss:2)
  2 emperor scorpion zombies
  2 storm dragon simulacra (Coc:7)
  12 guardian serpents
  An eye of devastation (Slime:5)
  3 titan simulacra (Coc:7)
  An orange demon (D:2)
  2 gargoyles
  2 dire elephant skeletons
  21 spiny frogs
  A rime drake (shapeshifter) (Elf:3)
  3 kobold demonologists
  7 rime drakes
  3 anaconda simulacra
  3 efreet
  2 catoblepas zombies
  17 tormentors
  7 hellions
  7 komodo dragons
  65 yaktaurs
  A yaktaur (shapeshifter) (Vaults:1)
  31 freezing wraiths
  A redback zombie (D:15)
  47 ice devils
  A yaktaur skeleton (Vaults:5)
  A hellwing (Abyss:2)
  A catoblepas skeleton (Coc:7)
  14 hydra zombies
  32 merfolk
  6 tengu conjurers
  2 golden dragon simulacra
  3 hornets
  5 trolls
  A human skeleton (Vaults:5)
  A meliai (D:9)
  A troll (shapeshifter) (Vaults:5)
  3 polar bears
  5 red devils
  4 tyrant leeches (Lair:6)
  A hornet (shapeshifter) (Depths:1)
  A raiju (Abyss:2)
  3 ice dragon zombies
  3 hydra skeletons
  6 wind drakes
  31 blink frogs
  4 boulder beetles
  10 snapping turtles
  4 fire dragon zombies
  3 harpy skeletons
  8 dream sheep
  19 ravens
  4 alligator zombies
  A sphinx simulacrum (Vaults:3)
  58 slime creatures
  4 air elementals
  8 ettin zombies
  A clay golem (Dis:7)
  6 shadows
  2 fire dragon skeletons
  26 flying skulls
  2 centaur simulacra
  4 alligator skeletons
  A black mamba zombie (Coc:7)
  3 redbacks
  5 ice dragon skeletons
  A tarantella (shapeshifter) (Vaults:3)
  9 wyverns
  22 wraiths
  5 bumblebees
  32 water elementals
  7 vipers
  A vampire (D:11)
  A dire elephant simulacrum (Coc:7)
  A yak (shapeshifter) (Vaults:4)
  6 hogs (Elf:1)
  2 ynoxinuls
  2 golden eyes
  16 humans
  33 yaks
  16 hippogriffs
  Grum (Lair:1)
  A basilisk (shapeshifter) (D:13)
  9 fire elementals
  4 basilisks
  Eustachio (D:4)
  A hippogriff (shapeshifter) (Vaults:5)
  3 hungry ghosts
  13 vampire mosquitoes
  A neqoxec (Abyss:2)
  6 wargs
  Menkaure (D:5)
  Edmund (D:4)
  46 nagas
  A harpy simulacrum (Coc:3)
  A rot devil (Dis:2)
  2 soldier ants
  A swamp worm (shapeshifter) (Depths:4)
  4 hydra simulacra
  A large abomination (Abyss:2)
  A soldier ant (shapeshifter) (Depths:2)
  A spatial vortex (Coc:5)
  7 spiny frog zombies
  40 hell hounds
  18 water moccasins
  5 porcupines
  4 swamp drakes (Depths:5)
  15 ice beasts
  4 necrophages
  2 black bears
  7 eyes of draining
  3 snapping turtle zombies
  3 spiny frog skeletons
  56 orc warriors
  A slave (D:8)
  2 manticore zombies
  5 sky beasts
  A black bear (shapeshifter) (Vaults:2)
  2 ettin simulacra
  8 boggarts
  A snapping turtle skeleton (Coc:1)
  A swamp dragon skeleton (Coc:4)
  36 ogres
  An ogre (shapeshifter) (Vaults:5)
  13 wolves
  A phantom (D:13)
  A manticore skeleton (Dis:7)
  21 centaurs
  3 big kobolds
  14 crocodiles
  A human zombie (Vaults:2)
  Blork the orc (D:6)
  A brain worm (D:15)
  22 bullfrogs
  2 earth elementals (Elf:3)
  A spiny frog simulacrum (Hell)
  2 wyvern skeletons
  A wyvern zombie (D:9)
  2 small abominations (Abyss:2)
  3 scorpions
  An orc simulacrum (Vaults:1)
  A human simulacrum (Vaults:2)
  11 killer bees
  31 wights
  3 howler monkeys
  5 electric eels
  2 goliath beetles
  4 crimson imps (Hell)
  An elf simulacrum (Coc:3)
  7 hounds
  3 bullfrog zombies
  9 jellies
  A bullfrog skeleton (D:12)
  33 orc priests
  Crazy Yiuf (D:6)
  31 iron imps
  31 orc wizards
  A gnoll shaman (D:10)
  4 iguanas
  Natasha (thrice) (D:3)
  14 hell rats
  12 worker ants
  2 hound zombies
  2 hound skeletons
  5 mummies
  A howler monkey zombie (D:9)
  A worker ant zombie (D:6)
  Robin (D:4)
  10 gnolls
  15 adders
  A shadow imp (D:5)
  19 white imps
  2 ufetubi (D:10)
  4 oozes
  An adder zombie (D:6)
  An adder skeleton (D:6)
  6 worms
  3 dart slugs
  8 leopard geckos
  129 orcs
  8 ball pythons
  7 giant cockroaches
  13 goblins
  14 hobgoblins
  12 jackals
  20 kobolds
  2 weasels
  7 bats
  A frilled lizard (D:4)
  A jackal zombie (D:6)
  A leopard gecko skeleton (D:9)
  An orc zombie (Dis:7)
  14 rats
  A weasel skeleton (D:5)
  A fungus (D:6)
  2 plants
  5 tentacles
3528 creatures vanquished.

Vanquished Creatures (collateral kills)
  An iron giant (Dis:7)
  3 naga sharpshooters (Snake:2)
  An iron troll (Dis:7)
  A shadow dragon zombie (Dis:7)
6 creatures vanquished.

Vanquished Creatures (others)
  An ancient lich (Vaults:5)
  A draconian knight (Zot:4)
  An elemental wellspring (Coc:7)
  Nessos (Lair:6)
  A merfolk javelineer (Shoals:4)
  4 centaur warriors
  A satyr (Shoals:4)
  3 naga sharpshooters
  4 deep elf archers
  A faun (Shoals:4)
  A cyclops (Shoals:2)
  A manticore (Shoals:2)
  A naga mage (Snake:3)
  A merfolk (Shoals:4)
  A raven (Depths:3)
  A raiju (Abyss:2)
  A slime creature (Depths:2)
  5 dream sheep (Lair:3)
  A human (Elf:2)
  An ice beast (D:14)
  2 orc warriors
  An ogre (Vaults:3)
  2 centaurs
  A bullfrog (D:14)
  An iron imp (Dis:7)
  An adder (Depths:1)
  4 orcs
  A ball python (Depths:1)
  A bush (Lair:6)
  27 fungi
  131 plants
  2 starspawn tentacles (Abyss:2)
  20 tentacles
226 creatures vanquished.

Grand Total: 3760 creatures vanquished

Notes
Turn   | Place    | Note
-------+----------+-------------------------------------------
     0 | D:1      | damerell the Ogre Gladiator began the quest for the Orb.
     0 | D:1      | Reached XP level 1. HP: 22/22 MP: 1/1
     0 | D:1      | Upgraded the game from 0.23-ish-327-95-g181beea39d to
                  | 0.23-ish-327-102-gb5a4e14b4d
   185 | D:1      | Reached XP level 2. HP: 25/29 MP: 2/2
   206 | D:1      | Reached skill level 3 in Fighting
   577 | D:1      | Reached XP level 3. HP: 37/37 MP: 3/3
  1321 | D:2      | Reached XP level 4. HP: 16/45 MP: 4/4
  1883 | D:2      | HP: 14/48 [kobold/short sword of draining (5)]
  2953 | D:3      | Noticed Natasha
  2962 | D:3      | Killed Natasha
  2962 | D:3      | Reached skill level 4 in Fighting
  2962 | D:3      | Reached XP level 5. HP: 49/54 MP: 5/5
  3069 | D:3      | Reached skill level 5 in Maces & Flails
  3393 | D:3      | Noticed Natasha
  3403 | D:3      | Killed Natasha
  3536 | D:3      | HP: 15/55 [hound (5)]
  3540 | D:3      | Reached XP level 6. HP: 13/63 MP: 6/6
  3556 | D:3      | Noticed Natasha
  3565 | D:3      | HP: 11/63 [Natasha (7)]
  3567 | D:3      | HP: 3/63 [Natasha/magic dart (8)]
  3569 | D:3      | Killed Natasha
  3718 | D:4      | Noticed Eustachio
  3729 | D:4      | Found a staircase to the Ecumenical Temple.
  3753 | D:4      | Noticed Edmund
  3767 | D:4      | HP: 12/65 [Edmund/flail of protection (12)]
  3776 | D:4      | HP: 6/145 [Edmund/flail of protection (6)]
  3777 | D:4      | Killed Edmund
  3777 | D:4      | Reached skill level 5 in Fighting
  3820 | D:4      | Noticed Robin
  3823 | D:4      | HP: 9/66 [goblin/enchanted dagger[Robin] (5)]
  3855 | D:4      | HP: 9/66 [goblin/club[Robin] (2)]
  3861 | D:4      | HP: 8/66 [hobgoblin/club[Robin] (2)]
  3873 | D:4      | Found a glowing drain.
  3882 | Sewer    | Entered a sewer
  4230 | Sewer    | Reached XP level 7. HP: 72/72 MP: 7/7
  4311 | D:4      | Killed Robin
  4319 | D:4      | Killed Eustachio
  4319 | D:4      | Reached skill level 6 in Fighting
  4349 | Temple   | Entered the Ecumenical Temple
  4366 | Temple   | Became a worshipper of Warmaster Okawaru
  4372 | D:4      | HP: 24/75 [goblin/stone[Robin] (8)]
  4717 | D:4      | Found a sparkling altar of Nemelex Xobeh.
  5412 | D:4      | Reached XP level 8. HP: 82/84 MP: 8/8
  5614 | D:5      | Entered Level 5 of the Dungeon
  5825 | D:5      | Reached skill level 7 in Fighting
  5951 | D:5      | Reached * piety under Okawaru
  6121 | D:5      | Noticed Menkaure
  6124 | D:5      | Killed Menkaure
  6229 | D:5      | Reached skill level 1 in Invocations
  6372 | D:5      | Learned a level 3 spell: Vampiric Draining
  6605 | D:5      | Found an iron altar of Okawaru.
  6744 | D:6      | Reached skill level 1 in Necromancy
  6842 | D:6      | Reached XP level 9. HP: 71/96 MP: 10/10
  6973 | D:6      | Reached ** piety under Okawaru
  6973 | D:6      | Reached skill level 8 in Fighting
  7005 | D:6      | Noticed Blork the orc
  7015 | D:6      | Killed Blork the orc
  7679 | D:6      | Learned a level 4 spell: Regeneration
  7819 | D:6      | Found a glowing golden altar of the Shining One.
  7851 | D:6      | Found a sacrificial altar of Ru.
  7944 | D:6      | Found a runed door.
  8215 | D:6      | Noticed Crazy Yiuf
  8223 | D:6      | Killed Crazy Yiuf
  8357 | D:7      | Found a burning altar of Makhleb.
  8609 | D:7      | Noticed Harold
  8622 | D:7      | Killed Harold
  8622 | D:7      | Reached *** piety under Okawaru
  8622 | D:7      | Reached skill level 9 in Fighting
  8622 | D:7      | Reached skill level 5 in Throwing
  8622 | D:7      | Reached skill level 1 in Charms
  9133 | D:7      | Found a snail-covered altar of Cheibriados.
  9293 | D:7      | Reached XP level 10. HP: 107/107 MP: 13/13
  9370 | D:7      | Reached skill level 10 in Maces & Flails
  9995 | D:8      | Found a hide-covered altar of Uskayaw.
  9996 | D:8      | Noticed a dagger
  9996 | D:8      | Noticed a hand axe
 10028 | D:8      | Found a shadowy altar of Dithmenos.
 10237 | D:8      | Found a white marble altar of Elyvilon.
 10302 | D:8      | Noticed Pikel
 10311 | D:8      | Killed Pikel
 10311 | D:8      | Reached **** piety under Okawaru
 11105 | D:9      | Found a staircase to the Orcish Mines.
 11621 | D:9      | Received a gift from Okawaru
 11956 | D:9      | Reached skill level 5 in Dodging
 12100 | D:9      | Reached skill level 10 in Fighting
 12136 | D:9      | HP: 32/110 [meliai/divine providence (15)]
 12150 | D:9      | Got a polished morningstar {protect}
 12154 | D:9      | Identified the +6 morningstar of Ruination {protect, Str+2
                  | Int+2} (You took it off a meliai on level 9 of the Dungeon)
 12634 | D:9      | Found an opulent altar of Gozag.
 12740 | D:10     | Entered Level 10 of the Dungeon
 12792 | D:10     | Noticed a centaur warrior
 12805 | D:10     | Killed a centaur warrior
 12805 | D:10     | Reached XP level 11. HP: 108/119 MP: 10/14
 12889 | D:10     | Reached ***** piety under Okawaru
 13016 | D:10     | Noticed Maud
 13073 | D:10     | Killed Maud
 13073 | D:10     | Received a gift from Okawaru
 13073 | D:10     | Reached skill level 11 in Fighting
 13212 | D:10     | Noticed a two-headed ogre
 13222 | D:10     | Killed a two-headed ogre
 13222 | D:10     | Reached skill level 5 in Necromancy
 13266 | D:10     | Found Wyneitel's Armour Shoppe.
 13274 | D:10     | Bought a +0 kite shield for 58 gold pieces
 13274 | D:10     | Bought the +2 cloak "Curuxum" {MR+ Slay+2 Stlth+} for 497
                  | gold pieces
 13634 | D:10     | Received a gift from Okawaru
 13759 | D:10     | Reached skill level 5 in Invocations
 13765 | D:10     | Reached skill level 5 in Charms
 14052 | D:11     | Reached skill level 1 in Shields
 14053 | D:11     | Noticed Erica
 14060 | D:11     | Killed Erica
 14256 | D:11     | Found a sparkling altar of Nemelex Xobeh.
 14278 | D:11     | Noticed Urug
 14287 | D:11     | HP: 28/120 [Urug/war axe of chopping (20)]
 14288 | D:11     | HP: 6/120 [Urug/war axe of chopping (17)]
 14291 | D:11     | Killed Urug
 14370 | D:11     | Found a frozen archway.
 14395 | IceCv    | Entered an ice cave
 14395 | IceCv    | Noticed a white ugly thing
 14409 | IceCv    | Killed a white ugly thing
 14417 | IceCv    | Reached XP level 12. HP: 74/130 MP: 6/17
 14507 | IceCv    | Found a transporter.
 14538 | IceCv    | Found a transporter.
 14559 | IceCv    | HP: 39/131 [something (11)]
 14567 | IceCv    | HP: 43/131 [ice statue] (3)]
 14752 | D:11     | Noticed Nergalle
 14761 | D:11     | Killed Nergalle
 15065 | D:11     | Reached skill level 12 in Fighting
 15137 | D:11     | Noticed a centaur warrior
 15153 | D:11     | Received a gift from Okawaru
 15157 | D:11     | Killed a centaur warrior
 15375 | D:11     | Found the +5 scythe "Finisher" {speed, eviscerate}
 15520 | D:11     | Found a staircase to the Lair.
 15862 | Lair:1   | Entered Level 1 of the Lair of Beasts
 15904 | Lair:1   | Noticed a seven-headed hydra
 15920 | Lair:1   | Killed a seven-headed hydra
 16134 | Lair:1   | Received a gift from Okawaru
 16138 | Lair:1   | Got a slimy robe {god gift}
 16149 | Lair:1   | Identified the +1 robe of Jokoeq {Str+2} (Okawaru gifted it
                  | to you on level 1 of the Lair of Beasts)
 16439 | Lair:1   | Noticed Grum
 16450 | Lair:1   | Killed Grum
 16837 | Lair:2   | Reached XP level 13. HP: 140/141 MP: 15/19
 17678 | Lair:3   | Reached skill level 13 in Fighting
 17747 | Lair:3   | Found a snail-covered altar of Cheibriados.
 17954 | Lair:3   | Reached skill level 5 in Shields
 18084 | Lair:3   | Found a staircase to the Snake Pit.
 18156 | Lair:3   | Found a staircase to the Shoals.
 18432 | Lair:3   | Found a shimmering altar of Xom.
 18782 | Lair:4   | Noticed Rupert
 18785 | Lair:4   | Paralysed by Rupert for 6 turns
 18801 | Lair:4   | Killed Rupert
 18801 | Lair:4   | Reached ****** piety under Okawaru
 18967 | Lair:4   | Noticed Josephine
 18987 | Lair:4   | Received a gift from Okawaru
 19100 | Lair:4   | Killed Josephine
 19770 | Lair:5   | Received a gift from Okawaru
 20225 | Lair:5   | Received a gift from Okawaru
 20242 | Lair:5   | Got a heavily jewelled robe {god gift}
 20253 | Lair:5   | Identified the +2 robe "Deinek" {rC+ SInv} (Okawaru gifted
                  | it to you on level 5 of the Lair of Beasts)
 20594 | Lair:5   | Reached XP level 14. HP: 147/154 MP: 16/20
 20712 | Lair:6   | Entered Level 6 of the Lair of Beasts
 20736 | Lair:6   | HP: 74/231 [death yak (13)]
 20745 | Lair:6   | Reached skill level 5 in Spellcasting
 20748 | Lair:6   | Reached skill level 14 in Fighting
 20752 | Lair:6   | HP: 65/234 [yak (14)]
 21092 | Lair:6   | Received a gift from Okawaru
 22200 | Lair:6   | Reached XP level 15. HP: 131/165 MP: 18/22
 22224 | Lair:6   | Reached skill level 15 in Fighting
 22231 | Lair:6   | Reached skill level 10 in Throwing
 22363 | Lair:6   | Received a gift from Okawaru
 22578 | Lair:6   | Noticed Nessos
 22584 | Lair:6   | Killed Nessos
 22651 | Lair:6   | Found a staircase to the Slime Pits.
 22823 | Lair:6   | Received a gift from Okawaru
 23129 | Lair:6   | Received a gift from Okawaru
 23704 | Orc:1    | Entered Level 1 of the Orcish Mines
 23708 | Orc:1    | Noticed Maurice
 23727 | Orc:1    | Killed Maurice
 23928 | Orc:2    | Entered Level 2 of the Orcish Mines
 23946 | Orc:2    | Found a staircase to the Elven Halls.
 24191 | Orc:2    | Found a roughly hewn altar of Beogh.
 24191 | Orc:2    | Found Irig's Antique Armour Boutique.
 24400 | Orc:2    | Found a roughly hewn altar of Beogh.
 24407 | Orc:2    | Found Haakkol's Book Boutique.
 24607 | Orc:2    | Found a roughly hewn altar of Beogh.
 24717 | Orc:2    | Found a roughly hewn altar of Beogh.
 24816 | Orc:2    | Found a roughly hewn altar of Beogh.
 24984 | Orc:2    | Found Gef Car's Antique Armour Emporium.
 25140 | Orc:2    | Noticed Saint Roka
 25155 | Orc:2    | HP: 53/169 [Saint Roka/great sword of holy wrath (27)]
 25160 | Orc:2    | HP: 40/169 [Saint Roka/divine providence (7)]
 25165 | Orc:2    | HP: 21/169 [orc warrior/trident (17)]
 25169 | Orc:2    | Killed Saint Roka
 25172 | Orc:2    | Reached skill level 16 in Fighting
 25418 | Orc:2    | Found Adul Piuwn's Antique Armour Shop.
 25419 | Orc:2    | Found a roughly hewn altar of Beogh.
 25422 | Orc:2    | Found Noazommo's Antique Weapon Boutique.
 25519 | Orc:2    | Found a roughly hewn altar of Beogh.
 25631 | Orc:1    | Noticed Erolcha
 25644 | Orc:2    | Killed Erolcha
 26059 | Orc:2    | Bought a runed dwarven roundshield for 240 gold pieces
 26102 | Orc:2    | Bought an embroidered cloak for 157 gold pieces
 26367 | D:12     | Noticed Frances
 26378 | D:12     | Killed Frances
 26582 | D:12     | Noticed Azrael
 26615 | D:12     | HP: 55/170 [burnt (4)]
 26618 | D:12     | Killed Azrael
 26620 | D:12     | HP: 47/170 [burnt (1)]
 26876 | D:12     | Identified a scroll of acquirement
 26877 | D:12     | Acquired 783 gold pieces
 26949 | D:12     | Noticed Fannar
 26955 | D:12     | Reached XP level 16. HP: 176/179 MP: 19/23
 26974 | D:12     | Killed Fannar
 26974 | D:12     | Reached skill level 15 in Maces & Flails
 27472 | D:13     | Found a gate to the Vaults.
 27566 | D:13     | Received a gift from Okawaru
 27803 | D:13     | Received a gift from Okawaru
 27918 | D:13     | Found Tutajofigu's Antique Armour Boutique.
 27929 | D:13     | Bought a glowing troll leather armour for 558 gold pieces
 27929 | D:13     | Bought a glowing scarf for 248 gold pieces
 27929 | D:13     | Bought a glowing tower shield for 232 gold pieces
 28061 | D:13     | Acquired the ring of Accord {AC+4 Slay+2}
 29322 | D:14     | Noticed a tengu reaver
 29330 | D:14     | HP: 59/180 [fire giant/bolt of fire (54)]
 29392 | D:14     | HP: 47/180 [tengu reaver/dire flail (17)]
 29393 | D:14     | HP: 23/180 [tengu reaver/dire flail (19)]
 29394 | D:14     | Killed a tengu reaver
 29785 | D:14     | Got a transparent bone amulet
 29787 | D:14     | Identified the amulet of Xom's Flight of Fancy {Inacc
                  | *Contam +Inv rN+++ Int+2} (You found it on level 14 of the
                  | Dungeon)
 29871 | D:14     | Gained mutation: The distance you can be teleported is
                  | somewhat limited. [mutagenic glow]
 29884 | D:15     | Entered Level 15 of the Dungeon
 29958 | D:15     | Found a shattered altar of Ashenzari.
 30057 | D:15     | Received a gift from Okawaru
 30079 | D:15     | Got a twisted robe {god gift}
 30090 | D:15     | Identified the +1 robe of Submission {rF+ Int+3 SInv}
                  | (Okawaru gifted it to you on level 15 of the Dungeon)
 30191 | D:15     | HP: 57/182 [acid (5)]
 30409 | D:15     | Reached skill level 17 in Fighting
 30471 | D:15     | Reached skill level 10 in Shields
 30494 | D:15     | Reached skill level 10 in Dodging
 30634 | D:15     | Reached XP level 17. HP: 191/191 MP: 20/24
 30654 | D:15     | Found a staircase to the Depths.
 31335 | Snake:1  | Entered Level 1 of the Snake Pit
 31341 | Snake:1  | Noticed Asterion
 31354 | Snake:1  | Killed Asterion
 32733 | Snake:2  | Received a gift from Okawaru
 33011 | Snake:2  | Noticed Vashnia
 33022 | Snake:2  | HP: 59/193 [Vashnia/bolt (49)]
 33027 | Snake:2  | HP: 47/193 [poisoned by Vashnia (splash of poison)]
 33033 | Snake:2  | HP: 54/193 [poisoned by Vashnia (splash of poison)]
 33042 | Snake:2  | HP: 59/193 [naga sharpshooter/arrow[Vashnia] (19)]
 33050 | Snake:2  | Reached skill level 18 in Fighting
 33057 | Snake:2  | HP: 61/193 [naga sharpshooter/bolt[Vashnia] (14)]
 33080 | Snake:2  | Killed Vashnia
 33422 | Snake:2  | Reached skill level 15 in Throwing
 33552 | Snake:2  | Received a gift from Okawaru
 33566 | Snake:2  | Got a transparent robe {god gift}
 33577 | Snake:2  | Identified the +1 robe of the Gravedigger {Int-4 Dex+5}
                  | (Okawaru gifted it to you on level 2 of the Snake Pit)
 34516 | Snake:3  | HP: 53/196 [something (25)]
 34681 | Snake:3  | Reached XP level 18. HP: 206/206 MP: 23/27
 35048 | Snake:3  | Reached skill level 19 in Fighting
 35349 | Snake:3  | Received a gift from Okawaru
 35812 | Snake:4  | Entered Level 4 of the Snake Pit
 35962 | Snake:4  | Found a snail-covered altar of Cheibriados.
 36009 | Snake:4  | Found Qahebir's Jewellery Shoppe.
 36009 | Snake:4  | Found Zutug's Gadget Boutique.
 36010 | Snake:4  | Found Cisarch's Jewellery Shoppe.
 36036 | Snake:4  | Bought the ring of Jivugeon {rCorr Str+4 Dex-2 Stlth+} for
                  | 544 gold pieces
 36036 | Snake:4  | Bought the ring of Qig Neah {rF+ Dex+3} for 475 gold pieces
 36082 | Snake:4  | Received a gift from Okawaru
 36157 | Snake:4  | HP: 67/208 [shock serpent/bolt of electricity (16)]
 36163 | Snake:4  | HP: 46/209 [poisoned by a naga mage (splash of poison)]
 36178 | Snake:4  | HP: 56/209 [salamander/stone (2)]
 36629 | Snake:4  | Reached skill level 20 in Fighting
 36893 | Snake:4  | Received a gift from Okawaru
 36929 | Snake:4  | Received a gift from Okawaru
 37085 | Snake:4  | Received a gift from Okawaru
 37411 | Snake:4  | Reached XP level 19. HP: 221/221 MP: 24/28
 37524 | Snake:4  | Received a gift from Okawaru
 37528 | Snake:4  | Reached skill level 21 in Fighting
 37728 | Snake:4  | Got a serpentine rune of Zot
 37768 | Snake:4  | Identified the +8 demon whip of the Sybil {elec, *Drain
                  | rPois rF+ rC++ Int+2} (Okawaru gifted it to you on level 4
                  | of the Snake Pit)
 38642 | Shoals:1 | Entered Level 1 of the Shoals
 38819 | Shoals:1 | Got a brightly glowing kite shield
 38820 | Shoals:1 | Identified the +1 kite shield "Beusuv" {rPois rCorr Str-2}
                  | (You found it on level 1 of the Shoals)
 39058 | Shoals:1 | Noticed Roxanne
 39235 | Shoals:1 | Killed Roxanne
 39244 | Shoals:1 | Identified Roxanne's Grimoire of Earth (You took it off
                  | Roxanne on level 1 of the Shoals)
 39387 | Shoals:2 | Received a gift from Okawaru
 39967 | Shoals:2 | Received a gift from Okawaru
 40254 | Shoals:3 | Received a gift from Okawaru
 40255 | Shoals:3 | Got a polished mace {god gift}
 40256 | Shoals:3 | Identified the +1 mace of Crystal {flame, *Corrode rF- rN++
                  | Int+8} (Okawaru gifted it to you on level 3 of the Shoals)
 40600 | Shoals:3 | Reached skill level 22 in Fighting
 40884 | Shoals:4 | Entered Level 4 of the Shoals
 40885 | Shoals:4 | Upgraded the game from 0.23-ish-327-102-gb5a4e14b4d to
                  | 0.23-ish-327-104-g30f0781d17
 41169 | Shoals:4 | Received a gift from Okawaru
 41478 | Shoals:4 | Reached skill level 1 in Armour
 41488 | Shoals:4 | Reached XP level 20. HP: 239/239 MP: 25/29
 41562 | Shoals:4 | Got a barnacled rune of Zot
 41663 | Shoals:4 | Reached skill level 23 in Fighting
 41920 | Shoals:4 | Got a faintly glowing turquoise ring
 41922 | Shoals:4 | Identified the ring of Qozeci {rCorr rF+} (You found it on
                  | level 4 of the Shoals)
 42121 | Shoals:4 | Got a thick robe
 42132 | Shoals:4 | Identified the cursed +0 robe of Sif Muna's Favour {Dex+7}
                  | (You found it on level 4 of the Shoals)
 42693 | Elf:1    | Entered Level 1 of the Elven Halls
 42716 | Elf:1    | Noticed Kirke
 42727 | Elf:1    | Killed Kirke
 43052 | Elf:1    | Received a gift from Okawaru
 43082 | Elf:1    | Identified the Tome of Arcane Weapons
 43932 | Elf:2    | Found Zoiseif's Book Shop.
 44006 | Elf:2    | Found a huge runed gate.
 44006 | Elf:2    | Found a huge runed gate.
 44006 | Elf:2    | Found a huge runed gate.
 44008 | Elf:2    | Found a huge runed gate.
 44009 | Elf:2    | Found a huge runed gate.
 44576 | Elf:2    | Cast into level 2 of the Abyss (glaive of distortion)
 44617 | Abyss:2  | Reached XP level 21. HP: 218/250 MP: 22/31
 44794 | Abyss:2  | Reached skill level 5 in Armour
 44809 | Abyss:2  | Received a gift from Okawaru
 44817 | Abyss:2  | Got a silken robe {god gift}
 44828 | Abyss:2  | Identified the +2 robe of the World {rPois MR- Stlth+}
                  | (Okawaru gifted it to you on level 2 of the Abyss)
 44861 | Abyss:2  | Noticed ceb's ghost (journeyman MDBe)
 44869 | Abyss:2  | Witnessed revenge of ceb's ghost on a raiju.
 45003 | Elf:2    | Escaped the Abyss
 45335 | Elf:3    | Entered Level 3 of the Elven Halls
 45860 | Elf:3    | Reached skill level 24 in Fighting
 45966 | Elf:3    | Received a gift from Okawaru
 46128 | Elf:3    | Received a gift from Okawaru
 46129 | Elf:3    | Got a fine morningstar {god gift}
 46130 | Elf:3    | Identified the +9 morningstar of Discord {crush, *Noise
                  | rPois rC+} (Okawaru gifted it to you on level 3 of the
                  | Elven Halls)
 46182 | Elf:3    | Reached skill level 10 in Invocations
 46225 | Elf:3    | Found the amulet of Vitality {Regen+ HP+15}
 46233 | Elf:3    | Found the +1 cloak of Starlight {rElec rC+ EV+4 Stlth--}
 46248 | Elf:3    | Learned a level 1 spell: Apportation
 46258 | Elf:3    | Got smoking quicksilver dragon scales
 46269 | Elf:3    | Identified the cursed quicksilver dragon scales "Pobrusil"
                  | {MR+ Str+2 SInv} (You found it on level 3 of the Elven
                  | Halls)
 46307 | Elf:3    | Learned a level 4 spell: Insulation
 46308 | Elf:3    | Got a warped brass amulet
 46310 | Elf:3    | Identified the amulet "Viykk" {RegenMP rN+ Str+3 Int+8}
                  | (You found it on level 3 of the Elven Halls)
 46360 | Elf:3    | Got a wavering wooden ring
 46362 | Elf:3    | Identified the ring "Wecwas" {Ice Str+4} (You found it on
                  | level 3 of the Elven Halls)
 46384 | Elf:3    | Learned a level 2 spell: Blink
 46677 | Elf:3    | Received a gift from Okawaru
 46677 | Elf:3    | Reached XP level 22. HP: 230/265 MP: 28/32
 46961 | D:8      | Reached skill level 1 in Air Magic
 46972 | D:8      | Learned a level 6 spell: Deflect Missiles
 47071 | Vaults:1 | Entered Level 1 of the Vaults
 47141 | Vaults:1 | Reached skill level 1 in Translocations
 48004 | Shoals:4 | Received a gift from Okawaru
 48005 | Shoals:4 | Got a jewelled flail {god gift}
 48006 | Shoals:4 | Identified the +0 flail of Death's Door {crush, rPois rC+
                  | Stlth+} (Okawaru gifted it to you on level 4 of the Shoals)
 48784 | Vaults:2 | Learned a level 5 spell: Velakast's Disruption
 49375 | Elf:2    | Bought a manual of Maces & Flails for 1324 gold pieces
 49712 | Vaults:2 | Found Doulaq's Armour Shop.
 50540 | Vaults:3 | Received a gift from Okawaru
 51030 | Vaults:3 | Found a staircase to the Crypt.
 51785 | Vaults:4 | Received a gift from Okawaru
 51799 | Vaults:4 | Reached XP level 23. HP: 274/274 MP: 30/34
 51805 | Vaults:4 | Got a pitted scarf {god gift}
 51816 | Vaults:4 | Identified the scarf of Greed {Spirit, +Blink Str+8 Dex-5}
                  | (Okawaru gifted it to you on level 4 of the Vaults)
 52018 | Vaults:4 | Found Kipidoeck's Magic Scroll Emporium.
 52030 | Vaults:4 | Found Cureugh's Gadget Boutique.
 52111 | Vaults:4 | Found Zojum's Supply Emporium.
 52115 | Vaults:4 | Reached skill level 15 in Dodging
 52133 | Vaults:4 | Reached skill level 25 in Fighting
 52137 | Vaults:4 | Reached skill level 15 in Shields
 52843 | Vaults:4 | Found Qaemydgh's Assorted Antiques.
 53018 | Vaults:4 | Found Reenk's General Store.
 53037 | Vaults:4 | Found the +8 trident of the Octopus King {venom, rElec
                  | rPois MR+}
 53554 | Depths:1 | Entered Level 1 of the Depths
 53561 | Depths:1 | Received a gift from Okawaru
 53967 | Depths:1 | Reached skill level 5 in Air Magic
 54053 | Depths:1 | Found a gateway to Hell.
 54423 | Depths:1 | Received a gift from Okawaru
 55106 | Depths:2 | Reached XP level 24. HP: 287/287 MP: 32/36
 55139 | Depths:2 | Noticed Nikola
 55158 | Depths:2 | Killed Nikola
 55279 | Depths:2 | Found Zudita's Book Shop.
 55346 | Depths:2 | Received a gift from Okawaru
 55441 | Depths:2 | Learned a level 5 spell: Yara's Violent Unravelling
 55462 | Depths:2 | Found a transporter.
 55475 | Depths:2 | Found a transporter.
 55515 | Depths:2 | Acquired the +3 hat "Zemoibb" {rPois MP+9 Stlth+}
 56244 | Depths:2 | Reached skill level 1 in Hexes
 56249 | Depths:2 | Reached skill level 1 in Transmutations
 56275 | Depths:2 | Got a flickering bronze ring
 56277 | Depths:2 | Identified the ring "Xanugrog" {rElec AC+4 Str+4} (You
                  | found it on level 2 of the Depths)
 56290 | Depths:2 | Got a crude copper ring
 56292 | Depths:2 | Identified the ring of Patience {MR+ Str+3} (You found it
                  | on level 2 of the Depths)
 57159 | Depths:2 | Received a gift from Okawaru
 57308 | Depths:3 | Received a gift from Okawaru
 57320 | Depths:3 | Reached skill level 26 in Fighting
 57377 | Depths:3 | Found Vobob's Book Boutique.
 57715 | Depths:3 | Received a gift from Okawaru
 57836 | Depths:3 | Reached XP level 25. HP: 297/299 MP: 32/36
 58000 | Depths:3 | Found a gateway to a ziggurat.
 58137 | Depths:3 | Found a one-way gate to the infinite horrors of the Abyss.
 58140 | Depths:3 | Reached skill level 10 in Armour
 58190 | Depths:3 | Found a one-way gate leading to the halls of Pandemonium.
 58427 | Depths:4 | Noticed Xtahua
 58435 | Depths:4 | Killed Xtahua
 58903 | Depths:4 | Noticed Mennas
 58981 | Depths:4 | Killed Mennas
 59149 | Depths:4 | Found Dylollod's General Store.
 59301 | Depths:4 | Received a gift from Okawaru
 59535 | Depths:4 | Received a gift from Okawaru
 59550 | Depths:4 | Reached skill level 5 in Hexes
 59550 | Depths:4 | Reached skill level 5 in Transmutations
 59603 | Depths:4 | Noticed a juggernaut
 59611 | Depths:4 | Killed a juggernaut
 59648 | Depths:4 | Found the +10 mace of Variability {chain chaos}
 59665 | Depths:4 | Identified Moetzor's Collected Works on the Blaze
 59794 | Depths:4 | Received a gift from Okawaru
 59911 | Depths:5 | Entered Level 5 of the Depths
 60201 | Depths:4 | Noticed a juggernaut
 60213 | Depths:4 | Killed a juggernaut
 60336 | Depths:3 | Bought a manual of Throwing for 1324 gold pieces
 60451 | Depths:5 | Found Timpav's Gadget Boutique.
 60473 | Depths:5 | Reached XP level 26. HP: 312/312 MP: 32/36
 60478 | Depths:5 | Found Beomn's Armour Shop.
 60478 | Depths:5 | Found Deikavvi's Weapon Boutique.
 60487 | Depths:5 | Found Xiott's Armour Shop.
 60790 | Depths:5 | Received a gift from Okawaru
 60902 | Depths:5 | Reached skill level 27 in Fighting
 60909 | Depths:5 | Reached skill level 10 in Spellcasting
 61027 | Depths:5 | Found a gate to the Realm of Zot.
 61349 | Depths:5 | Paralysed by a Zot trap for 4 turns
 61707 | Depths:5 | Identified the +8 morningstar "Spiderbane" {crush, rPois
                  | rC+ Str+4 Int-4} (You found it on level 5 of the Depths)
 62439 | Depths:2 | Received a gift from Okawaru
 62440 | Depths:2 | Got a wizard robe {god gift}
 62442 | Depths:2 | Identified the +2 robe of Winter {rPois Dex+4} (Okawaru
                  | gifted it to you on level 2 of the Depths)
 62732 | Vaults:5 | Entered Level 5 of the Vaults
 63002 | Vaults:5 | Reached XP level 27. HP: 295/323 MP: 34/38
 63316 | Vaults:5 | Noticed an ancient lich
 63321 | Vaults:5 | Killed an ancient lich
 63748 | Vaults:5 | Received a gift from Okawaru
 63866 | Vaults:5 | Found Gifechud's General Store.
 64681 | Depths:2 | Displaced on stairs
 64698 | Depths:2 | Received a gift from Okawaru
 65263 | Vaults:5 | Learned a level 5 spell: Borgnjor's Vile Clutch
 65265 | Vaults:5 | Identified the Handbook of Venom and Boosts
 65275 | Vaults:5 | Got a silver rune of Zot
 65746 | Slime:1  | Entered Level 1 of the Pits of Slime
 65848 | Slime:2  | Reached skill level 1 in Earth Magic
 65889 | Slime:5  | Entered Level 5 of the Pits of Slime
 65939 | Slime:5  | Found a viscous altar of Jiyva.
 65940 | Slime:5  | Noticed the Royal Jelly
 65948 | Slime:5  | Killed the Royal Jelly
 66065 | Slime:5  | Got a slimy rune of Zot
 66145 | Slime:5  | Identified the Guide on the Quantum Oath
 66152 | Slime:5  | Identified Sif Muna's Catalogue of Lightness and the
                  | Frostbite
 66168 | Slime:5  | Identified Elemy's Handbook of Glacial Heat
 66177 | Slime:5  | Learned a level 6 spell: Death Channel
 66616 | Hell     | Entered the Vestibule of Hell
 66638 | Hell     | Noticed Geryon
 66645 | Hell     | Killed Geryon
 66645 | Hell     | Reached skill level 1 in Evocations
 66948 | Hell     | Found a gateway to the decaying netherworld of Tartarus.
 66995 | Hell     | Received a gift from Okawaru
 67050 | Hell     | Noticed Murray
 67257 | Hell     | Killed Murray
 67375 | Hell     | Found a gateway to the ashen valley of Gehenna.
 67417 | Hell     | Found a gateway to the Iron City of Dis.
 67488 | Hell     | Found a gateway to the freezing wastes of Cocytus.
 68716 | Vaults:4 | Bought a scroll of enchant armour for 97 gold pieces
 68716 | Vaults:4 | Bought a scroll of enchant weapon for 97 gold pieces
 68716 | Vaults:4 | Bought a scroll of summoning for 123 gold pieces
 68814 | Vaults:4 | Bought a scroll of enchant weapon for 157 gold pieces
 68814 | Vaults:4 | Bought a potion of cancellation for 168 gold pieces
 69528 | Coc:1    | Entered Level 1 of Cocytus
 69627 | Coc:1    | Received a gift from Okawaru
 69847 | Coc:2    | Learned a level 4 spell: See Invisible
 69905 | Coc:2    | Reached skill level 5 in Translocations
 70088 | Coc:4    | Received a gift from Okawaru
 70089 | Coc:4    | Got an ebony giant spiked club {god gift}
 70096 | Coc:4    | Identified the +6 giant spiked club of Proximity {crush,
                  | Str+4} (Okawaru gifted it to you on level 4 of Cocytus)
 70589 | Coc:6    | Received a gift from Okawaru
 70926 | Coc:7    | Entered Level 7 of Cocytus
 71781 | Coc:7    | HP: 91/323 [??? (59)]
 71813 | Coc:7    | HP: 93/323 [??? (60)]
 72045 | Coc:7    | Received a gift from Okawaru
 72049 | Coc:7    | HP: 79/321 [??? (51)]
 72410 | Coc:7    | Noticed Antaeus
 72441 | Coc:7    | Killed Antaeus
 72768 | Coc:7    | Got an icy rune of Zot
 73735 | Dis:1    | Entered Level 1 of the Iron City of Dis
 73759 | Dis:1    | Reached skill level 15 in Armour
 74447 | Dis:3    | Reached skill level 10 in Hexes
 74466 | Dis:3    | Reached skill level 10 in Transmutations
 74625 | Dis:4    | Received a gift from Okawaru
 74626 | Dis:4    | Got a warped robe {god gift}
 74627 | Dis:4    | Identified the +1 robe of Eraxt {rF+ rN+ MR+ rCorr}
                  | (Okawaru gifted it to you on level 4 of the Iron City of
                  | Dis)
 74918 | Dis:4    | Reached skill level 15 in Spellcasting
 75856 | Dis:7    | Entered Level 7 of the Iron City of Dis
 76144 | Dis:7    | Received a gift from Okawaru
 76881 | Dis:7    | HP: 98/323 [iron giant/dire flail of protection (35)]
 77180 | Dis:7    | Received a gift from Okawaru
 77332 | Dis:7    | Received a gift from Okawaru
 77396 | Dis:7    | Noticed Dispater
 77415 | Dis:7    | Killed Dispater
 77590 | Dis:7    | Got an iron rune of Zot
 77709 | Dis:7    | Got a crude turquoise ring
 77710 | Dis:7    | Identified the ring of Eraideicky {Wiz rN+ Str+3} (You
                  | found it on level 7 of the Iron City of Dis)
 77940 | Dis:7    | Received a gift from Okawaru
 77940 | Dis:7    | Reached skill level 15 in Invocations
 78133 | Geh:1    | Entered Level 1 of Gehenna
 78251 | Depths:4 | Bought 2 potions of curing for 144 gold pieces
 78633 | Vaults:4 | Bought a potion of heal wounds for 130 gold pieces
 78633 | Vaults:4 | Bought 2 potions of lignification for 156 gold pieces
 78633 | Vaults:4 | Bought 2 potions of haste for 520 gold pieces
 78701 | Vaults:4 | Bought a scroll of fog for 26 gold pieces
 78701 | Vaults:4 | Bought a scroll of fog for 26 gold pieces
 78776 | Vaults:5 | Bought a scroll of fear for 73 gold pieces
 78776 | Vaults:5 | Bought a potion of might for 84 gold pieces
 78776 | Vaults:5 | Bought a potion of haste for 210 gold pieces
 79146 | Depths:5 | Received a gift from Okawaru
 79155 | Depths:5 | Identified the +2 hat "Soech" {+Inv} (Okawaru gifted it to
                  | you on level 5 of the Depths)
 79164 | Zot:1    | Entered Level 1 of the Realm of Zot
 79939 | Zot:1    | Learned a level 2 spell: Shroud of Golubria
 80164 | Zot:2    | Reached skill level 5 in Earth Magic
 80425 | Zot:2    | Received a gift from Okawaru
 82280 | Zot:3    | Received a gift from Okawaru
 82377 | Zot:3    | Reached skill level 10 in Earth Magic
 82492 | Zot:3    | Received a gift from Okawaru
 82826 | Zot:4    | Noticed an orb of fire
 82883 | Zot:4    | Received a gift from Okawaru
 82899 | Zot:4    | Killed an orb of fire
 83053 | Zot:4    | Found a transporter.
 83053 | Zot:4    | Found a transporter.
 83791 | Zot:5    | Entered Level 5 of the Realm of Zot
 84184 | Zot:5    | Noticed an ancient lich
 84184 | Zot:5    | Noticed an ancient lich
 84189 | Zot:5    | Killed an ancient lich
 84189 | Zot:5    | Received a gift from Okawaru
 84193 | Zot:5    | Killed an ancient lich
 84290 | Zot:5    | Noticed an orb of fire
 84296 | Zot:5    | Killed an orb of fire
 84296 | Zot:5    | Received a gift from Okawaru
 84296 | Zot:5    | Reached skill level 10 in Necromancy
 84397 | Zot:5    | Noticed an orb of fire
 84399 | Zot:5    | Noticed an ancient lich
 84404 | Zot:5    | Killed an orb of fire
 84404 | Zot:5    | Received a gift from Okawaru
 84412 | Zot:5    | Killed an ancient lich
 84712 | Zot:5    | Noticed an orb of fire
 84722 | Zot:5    | Killed an orb of fire
 84786 | Zot:5    | Noticed an ancient lich
 84790 | Zot:5    | Killed an ancient lich
 84798 | Zot:5    | Noticed an orb of fire
 84815 | Zot:5    | Killed an orb of fire
 84815 | Zot:5    | Received a gift from Okawaru
 84875 | Zot:5    | Noticed an ancient lich
 84879 | Zot:5    | Killed an ancient lich
 84895 | Zot:5    | Got the Orb of Zot
 84925 | Zot:5    | Received a gift from Okawaru
 84928 | Zot:5    | Identified the +1 tower shield "Idiuhusu" {rN+ Regen+}
                  | (Okawaru gifted it to you on level 5 of the Realm of Zot)
 85176 | Depths:2 | Noticed Jaigg the pandemonium lord
 85180 | Depths:2 | Killed Jaigg the pandemonium lord
 85618 | D:1      | victory dance
 85619 | D:$      | Escaped with the Orb!

Vault maps used:
D:1:      ncdulo_smallfort, minmay_misc_feat_plants, hex_intersection
D:2:      nrook_mini_backslash, kennysheep_big_empty_room, dk_noncrumbling_3
D:3:      uniq_natasha
D:4:      kennysheep_mini_moat, temple_fountains, first_bread,
          portal_sewer_entry_f, uniq_robin, uniq_edmund, uniq_eustachio
D:5:      grunt_ministairs_3, okawaru_gym_becter, uniq_menkaure
D:6:      grunt_temple_overflow_open, uniq_crazy_yiuf_cottage,
          uniq_blork_the_orc
D:7:      lemuel_round_altar, grunt_ogre_cave, cheibriados_altar_1, uniq_harold
D:8:      dancing_weapons_uskayaw, elyvilon_altar_3,
          nicolae_dithmenos_shadow_blocks, uniq_pikel
D:9:      lemuel_coloured_pillars_altar, david_orc_3, minmay_pinched_square
D:10:     serial_shops, nicolae_shop_statue_plus, kennysheep_generic_room_7,
          uniq_maud
D:11:     minmay_the_grid_triangle_9x9_recursive_2, basic_altar,
          portal_ice_cave_entry_pillars_1, minmay_misc_feat_alley,
          minmay_guarded_unrand_finisher, uniq_nergalle, uniq_erica, uniq_urug
D:12:     uniq_azrael, uniq_fannar, uniq_frances
D:13:     david_vaults_3, serial_shops, shop, serial_park_tiny_1,
          serial_park_tiny_1
D:14:     cross_vault, chequers_serial_rivers_marsh
D:15:     hangedman_depths_entry_try_elsewhere_first, ashenzari_altar_1
Temple:   minmay_freezing_vapour_temple
Lair:1:   uniq_grum
Lair:2:   infiniplex_staircase_pool_2
Lair:3:   minmay_shoals_entry_centaurs, guppyfry_snake_entry_island,
          basic_altar, kb_xom_exploding_sheep
Lair:4:   grunt_megastairs_4, uniq_josephine, uniq_rupert
Lair:5:   minmay_lindwurm_lava
Lair:6:   minmay_lair_end_frog_pond, nicolae_slime_entry_slimehenge,
          special_room, uniq_nessos
Shoals:1: uniq_roxanne
Shoals:3: nicolae_shoals_hunting_party
Shoals:4: shoals_end_grunt_ice
Snake:1:  uniq_asterion
Snake:2:  uniq_vashnia
Snake:4:  snake_pit_salamanders_mu, basic_altar, serial_bayou_shore_b,
          minmay_shop_grove, serial_bayou_shore_b, serial_bayou_shore_b
Slime:5:  uniq_dissolution
Orc:1:    uniq_erolcha, uniq_maurice
Orc:2:    grunt_orc_community_town_hall, grunt_orc_community_big_house_1,
          grunt_orc_community_big_house_2, grunt_orc_community_house_3,
          grunt_orc_community_house_2, grunt_orc_community_house_1,
          grunt_orc_community_house_3, grunt_orc_community_house_2,
          serial_shops, nicolae_shop_behind_doors
Elf:1:    minmay_elf_annihilation, uniq_kirke
Elf:2:    serial_shops, shop
Elf:3:    minmay_elf_hall_statues, grunt_megastairs_1
Vaults:1: v_misc_14, nicolae_vaults_alarming, v_misc_22, v_pattern_4,
          ontoclasm_vaults_hangar, hangedman_vaults_snaps, vaults_dpeg_ring,
          nicolae_vaults_little_squares_1, v_alt_pattern_1,
          ontoclasm_vaults_chip
Vaults:2: hangedman_vaults_locks, hangedman_vaults_restitches,
          vaults_standard_mumra_enter_the_diamond,
          nicolae_vaults_network_square, ontoclasm_vaults_ring_small,
          nicolae_vaults_mini_display_case,
          nicolae_vaults_windows_and_doors_thing,
          nicolae_vaults_little_squares_2, ontoclasm_vaults_decontamination,
          nicolae_vaults_little_squares_6, serial_shops, shop_statue
Vaults:3: minmay_crypt_entry_simple_statues, nicolae_vaults_statue_guard,
          vaults_room_semicircle, v_misc_11, v_misc_12,
          ontoclasm_vaults_misaligned, vaults_mumra_hex, v_misc_2, v_misc_5,
          vaults_room_pool, vaults_room_grid, vaults_standard_mumra_x
Vaults:4: st_lines, nicolae_vaults_ninety_degrees, grunt_vaults_diagonal,
          v_misc_29, dpeg_vaults_monster_box, vaults_mumra_minichess, v_misc_12,
          nicolae_vaults_ring_of_whatevers, nicolae_vaults_asterisk, v_rooms_6,
          vaults_room_grid, vaults_dpeg_diagonal, v_misc_19, serial_shops, shop,
          shop, shop_fountains, shop, shop_statue
Depths:1: dk_noncrumbling_2, pf_vacation_house_of_asmodeus, grunt_ministairs_13,
          minmay_serpent_palace
Depths:2: gammafunk_jiyva_shrine, serial_shops, shop, hangedman_coc_ice_floe,
          serial_bayou, serial_bayou_crossing, serial_bayou_ford_a,
          serial_bayou_pond_e, serial_bayou_lagoon_b, serial_bayou_pond_e,
          serial_bayou_pond_c, grunt_decor_one_mirror,
          infiniplex_staircase_zigzag_4, uniq_nikola
Depths:3: grunt_x_marks_the_spot, enter_ziggurat_a, serial_shops,
          nicolae_shop_temple_entry_statues_fountains, rand_demon_pan_entry_8,
          hell_entry, abyss_entry, serial_bayou_pond_b
Depths:4: minmay_nested_s, serial_shops, shop, grunt_hell_entry_dis_grunt,
          minmay_strange_pillars, abyss_entry,
          infiniplex_staircase_hallway_doors, uniq_mennas, uniq_xtahua
Depths:5: lemuel_castle_with_subvaults, hell_entry, grunt_decor_arrowhead,
          serial_bayou_shore_b, minmay_shoptagon
Dis:1:    grunt_megastairs_2
Dis:2:    nicolae_dis_strange_trophy_room
Dis:7:    iron_city_of_dis
Geh:1:    grunt_megastairs_3
Coc:3:    serial_ice, serial_ice_m, serial_ice_b, serial_ice_a, serial_ice_k
Coc:5:    lemuel_elevator
Coc:7:    coc_old
Zot:3:    minmay_elemental_castle
Zot:4:    gammafunk_sealed_arena
Sewer:    sewer_the_crocodile
IceCv:    ice_cave_statue_garden_transporter

Skill      XL: |  1  2  3  4  5  6  7  8  9 10 11 12 13 14 15 16 17 18 19 20 21 22 23 24 25 26 27 |
---------------+----------------------------------------------------------------------------------+-----
Fighting       | 3 4 5 6 7 9 10 11 12 13 14 16 17 18 20 22 23 24 25 26 27 | 27.0
Dodging        | 3 4 5 6 7 8 9 10 11 13 14 15 16 20 | 20.7
Maces & Flails | 4 5 6 8 9 11 12 13 14 15 16 18 19 20 21 | 21.3
Throwing       | 3 4 5 6 7 8 9 11 13 15 16 17 18 19 23 | 23.2
Invocations    | 2 4 5 7 8 10 11 12 16 | 16.0
Necromancy     | 1 2 4 5 6 7 8 9 12 | 12.8
Spellcasting   | 2 3 4 5 6 7 9 11 18 | 18.0
Charms         | 2 4 5 6 7 8 9 |  9.0
Shields        | 2 4 5 7 9 10 11 13 14 15 16 20 | 20.5
Armour         | 1 4 6 7 8 9 10 11 18 | 18.0
Air Magic      | 3 5 6 |  6.6
Translocations | 3 6 |  6.0
Hexes          | 3 5 7 11 | 11.0
Transmutations | 3 5 7 12 | 12.0
Earth Magic    | 13 | 13.0
Evocations     | 4 |  4.0

Action                   |  1- 3 |  4- 6 |  7- 9 | 10-12 | 13-15 | 16-18 | 19-21 | 22-24 | 25-27 || total
-------------------------+-------+-------+-------+-------+-------+-------+-------+-------+-------++-------
Melee: Flail             |   110 |   187 |   214 |   176 |       |       |       |       |       ||   687
       Punch             |       |       |     1 |     1 |       |       |       |       |       ||     2
       Morningstar       |       |       |       |   330 |  1022 |   353 |       |       |       ||  1705
       Eveningstar       |       |       |       |     3 |       |   316 |    66 |       |   583 ||   968
       Demon whip        |       |       |       |       |       |       |   627 |   949 |   740 ||  2316
       Sacred scourge    |       |       |       |       |       |       |       |       |  1853 ||  1853
       Unarmed           |       |       |       |       |       |       |       |       |    23 ||    23
Throw: Stone             |     2 |    56 |   206 |   117 |     5 |       |       |       |       ||   386
       Throwing net      |     2 |     4 |       |       |       |       |       |       |       ||     6
       Dart              |       |    26 |     8 |     3 |     5 |       |       |       |       ||    42
       Boomerang         |       |       |    26 |   135 |   489 |   877 |    84 |       |       ||  1611
       Javelin           |       |       |       |     9 |    33 |    25 |   571 |   678 |  1165 ||  2481
       Large rock        |       |       |       |       |    15 |    15 |    62 |   167 |   984 ||  1243
 Cast: * Regeneration    |       |       |       |    87 |   684 |   165 |    72 |    46 |   172 ||  1226
       Apportation       |       |       |       |       |       |       |       |     3 |       ||     3
       * Shroud of Golub |       |       |       |       |       |       |       |       |    12 ||    12
       Yara's Violent Un |       |       |       |       |       |       |       |       |    12 ||    12
       See Invisible     |       |       |       |       |       |       |       |       |    11 ||    11
       Blink             |       |       |       |       |       |       |       |       |     6 ||     6
Invok: Heroism           |       |       |     3 |     9 |    11 |     5 |     2 |     3 |     1 ||    34
       Finesse           |       |       |       |     3 |     3 |     1 |     2 |     1 |    14 ||    24
Evoke: Wand              |       |       |     3 |       |     4 |    14 |     7 |     3 |     6 ||    37
       Lamp of fire      |       |       |       |     1 |     3 |     1 |     1 |     2 |     4 ||    12
       Lightning rod     |       |       |       |       |       |       |       |       |     4 ||     4
       Phantom mirror    |       |       |       |       |       |       |       |       |     1 ||     1
  Use: Scroll            |       |     6 |     5 |     7 |     9 |    22 |    20 |     4 |    35 ||   108
       Potion            |       |     6 |     1 |     6 |     7 |     3 |       |       |    17 ||    40
 Stab: Invisible         |       |       |     1 |     3 |     4 |       |       |       |       ||     8
       Sleeping          |       |       |       |     4 |     2 |       |     1 |       |       ||     7
       Distracted        |       |       |       |       |     1 |       |       |       |     1 ||     2
  Eat: Chunk             |     1 |     6 |     9 |    20 |    37 |    30 |    28 |    34 |    47 ||   212
       Meat ration       |       |     1 |     1 |     2 |       |       |       |       |     3 ||     7
       Fruit             |       |       |     1 |     4 |     5 |     7 |       |     3 |     2 ||    22
       Bread ration      |       |       |       |       |       |     2 |     1 |       |    10 ||    13
Armor: Robe              |    36 |    57 |    52 |    43 |   124 |    91 |    29 |       |       ||   432
       Skin              |       |     3 |       |       |       |       |       |       |    30 ||    33
       Troll leather arm |       |       |       |    94 |    80 |       |       |       |       ||   174
       Fire dragon scale |       |       |       |       |       |       |    44 |       |       ||    44
       Quicksilver drago |       |       |       |       |       |       |     1 |    75 |    73 ||   149
       Gold dragon scale |       |       |       |       |       |       |       |       |   513 ||   513
Dodge: Dodged            |    54 |   101 |    71 |   177 |   302 |   133 |   124 |   162 |   429 ||  1553
Block: Kite shield       |       |       |       |    83 |   279 |       |       |       |       ||   362
       Reflection        |       |       |       |       |    44 |    85 |   155 |     3 |       ||   287
       Tower shield      |       |       |       |       |   559 |   677 |   693 |   863 |  2589 ||  5381
* Casting counts for permanent charms are approximate representations of how often the player would have had to cast a non-permanent spell for the same benefits.

Table legend:
 A = Spawn XP
 B = Non-spawn XP
 C = Spawn XP percentage of total XP
 D = Spawn monster count
 E = Non-spawn monster count
 F = Spawn count percentage of total count
 G = Total turns spent on level
                    A         B        C        D         E        F      G
               +---------+---------+-------+---------+---------+-------+---------
         Total |  275077 | 2265331 |  10.8 |     471 |    3048 |  13.4 | 85619
               +---------+---------+-------+---------+---------+-------+---------
           D:1 |       9 |      49 |  15.5 |       6 |      26 |  18.8 |  1181
           D:2 |      19 |      63 |  23.2 |       5 |      21 |  19.2 |  1425
           D:3 |       5 |     209 |   2.3 |       4 |      19 |  17.4 |  1095
           D:4 |      87 |     773 |  10.1 |       4 |      31 |  11.4 |  1497
           D:5 |     131 |     740 |  15.0 |       3 |      18 |  14.3 |  1052
           D:6 |      93 |     975 |   8.7 |       1 |      21 |   4.5 |  1572
           D:7 |     565 |    1351 |  29.5 |       9 |       9 |  50.0 |  1610
           D:8 |       2 |    2934 |   0.1 |       1 |      12 |   7.7 |  1151
           D:9 |     246 |    2774 |   8.1 |       6 |      42 |  12.5 |  2231
          D:10 |     554 |    5157 |   9.7 |      10 |      29 |  25.6 |  1448
          D:11 |    1159 |    9001 |  11.4 |      13 |      37 |  26.0 |  2142
          D:12 |     974 |    9010 |   9.8 |       2 |      45 |   4.3 |  1279
          D:13 |    1089 |   15544 |   6.5 |       6 |      53 |  10.2 |  1528
          D:14 |     683 |   13725 |   4.7 |       5 |      38 |  11.6 |  1474
          D:15 |    4617 |   18877 |  19.7 |      10 |      48 |  17.2 |  1698
        Lair:1 |       0 |    2808 |   0.0 |       0 |      12 |   0.0 |   986
        Lair:2 |     105 |    4099 |   2.5 |       1 |      16 |   5.9 |  1079
        Lair:3 |     822 |    7111 |  10.4 |       4 |      42 |   8.7 |  1709
        Lair:4 |       0 |    5865 |   0.0 |       0 |      19 |   0.0 |   957
        Lair:5 |    1788 |    7999 |  18.3 |       4 |      28 |  12.5 |  1195
        Lair:6 |   11621 |   34985 |  24.9 |      20 |     117 |  14.6 |  2798
      Shoals:1 |    4694 |    7888 |  37.3 |       8 |      14 |  36.4 |   735
      Shoals:2 |    2084 |   10518 |  16.5 |       3 |      21 |  12.5 |   844
      Shoals:3 |    3126 |   19847 |  13.6 |       7 |      43 |  14.0 |   999
      Shoals:4 |    4677 |   40625 |  10.3 |       9 |      71 |  11.2 |  1520
       Snake:1 |    3313 |   11461 |  22.4 |       6 |      17 |  26.1 |  1508
       Snake:2 |    9567 |   32483 |  22.8 |      18 |      44 |  29.0 |  1946
       Snake:3 |    4821 |   15370 |  23.9 |       8 |      29 |  21.6 |  1487
       Snake:4 |    8395 |   69303 |  10.8 |      12 |     100 |  10.7 |  2015
       Slime:2 |       0 |    9455 |   0.0 |       0 |      20 |   0.0 |   126
       Slime:3 |       0 |     527 |   0.0 |       0 |       2 |   0.0 |    32
       Slime:5 |       0 |   36196 |   0.0 |       0 |      21 |   0.0 |   434
         Orc:1 |    1577 |    1542 |  50.6 |      19 |      21 |  47.5 |   758
         Orc:2 |    1906 |   12864 |  12.9 |      11 |      91 |  10.8 |  2042
         Elf:1 |    2015 |   25867 |   7.2 |       3 |      45 |   6.2 |  1107
         Elf:2 |    8588 |   38638 |  18.2 |      10 |      53 |  15.9 |  1422
         Elf:3 |    3623 |   76243 |   4.5 |       6 |      81 |   6.9 |  1745
      Vaults:1 |    2783 |   15392 |  15.3 |       4 |      37 |   9.8 |  1377
      Vaults:2 |       0 |   25352 |   0.0 |       0 |      46 |   0.0 |  2229
      Vaults:3 |     551 |   56371 |   1.0 |       1 |      85 |   1.2 |  1431
      Vaults:4 |   13097 |   58546 |  18.3 |      20 |      75 |  21.1 |  1911
      Vaults:5 |   11418 |  151101 |   7.0 |      27 |     132 |  17.0 |  2314
      Depths:1 |   22152 |   38544 |  36.5 |      29 |      63 |  31.5 |  1952
      Depths:2 |   16642 |   54366 |  23.4 |      16 |      81 |  16.5 |  2137
      Depths:3 |    9739 |   74415 |  11.6 |      16 |      91 |  15.0 |  1379
      Depths:4 |   11712 |  120532 |   8.9 |      18 |      82 |  18.0 |  2154
      Depths:5 |   23250 |   90251 |  20.5 |      29 |      76 |  27.6 |  2316
          Hell |   12351 |   50771 |  19.6 |      13 |      78 |  14.3 |  1243
         Dis:1 |       0 |    7340 |   0.0 |       0 |      16 |   0.0 |   183
         Dis:2 |    9158 |   12129 |  43.0 |       6 |      27 |  18.2 |   525
         Dis:3 |       0 |    9144 |   0.0 |       0 |      14 |   0.0 |   159
         Dis:4 |       0 |   15671 |   0.0 |       0 |      31 |   0.0 |   586
         Dis:5 |    1778 |   34390 |   4.9 |       2 |      39 |   4.9 |   634
         Dis:6 |       0 |    2819 |   0.0 |       0 |       5 |   0.0 |    34
         Dis:7 |    3173 |  196721 |   1.6 |       5 |     181 |   2.7 |  2250
         Coc:1 |    1007 |   15603 |   6.1 |       1 |      29 |   3.3 |   243
         Coc:2 |       0 |   10507 |   0.0 |       0 |      19 |   0.0 |   194
         Coc:3 |       0 |    9226 |   0.0 |       0 |      19 |   0.0 |   105
         Coc:4 |       0 |   39318 |   0.0 |       0 |      52 |   0.0 |   378
         Coc:5 |       0 |    8618 |   0.0 |       0 |       9 |   0.0 |    87
         Coc:6 |    2667 |   17585 |  13.2 |       4 |      45 |   8.2 |   388
         Coc:7 |    9513 |  141779 |   6.3 |      10 |     110 |   8.3 |  2187
         Zot:1 |    2932 |   51128 |   5.4 |       3 |      34 |   8.1 |  1001
         Zot:2 |   12092 |   63313 |  16.0 |       9 |      43 |  17.3 |  1207
         Zot:3 |    8548 |   77488 |   9.9 |       6 |      50 |  10.7 |  1556
         Zot:4 |    2545 |   57270 |   4.3 |       2 |      34 |   5.6 |   932
         Zot:5 |    9373 |  196855 |   4.5 |       7 |      57 |  10.9 |  1188
       Abyss:2 |    5641 |    6948 |  44.8 |       9 |      16 |  36.0 |   427
         Sewer |       0 |     109 |   0.0 |       0 |       6 |   0.0 |   413
         IceCv |       0 |    2853 |   0.0 |       0 |      10 |   0.0 |   337
               +---------+---------+-------+---------+---------+-------+---------
